 Dungeon Crawl Stone Soup version 0.31-a0-627-gd65175cf8b (webtiles) character file.

Game seed: 4393800018319493518

150 BritishOli the Trooper (level 5, 42/42 HPs)
             Began as a Demonspawn Fighter on Aug 25, 2023.
             Got out of the dungeon alive.
             The game lasted 00:01:38 (2616 turns).

BritishOli the Trooper (Demonspawn Fighter)         Turns: 2616, Time: 00:01:39

Health: 42/42      AC:  6    Str: 24    XL:     5   Next: 10%
Magic:  5/5        EV:  9    Int: 12    God:
Gold:   243        SH:  4    Dex: 12    Spells: 4/4 levels left

rFire   . . .        a - +0 war axe
rCold   . . .        c - +0 buckler
rNeg    . . .        b - +0 scale mail
rPois   .            (no helmet)
rElec   .            (no cloak)
rCorr   .            (no gloves)
SInv    .            (no boots)
Will    .....        (no amulet) Stlth
                     n - +6 ring of strength
HPRegen 0.27/turn    (no ring)
MPRegen 0.09/turn

%: no passive effects
@: no status effects
A: big brain 1, demonic touch 1
a: no special abilities


You escaped.
You visited 1 branch of the dungeon, and saw 3 of its levels.

You collected 243 gold pieces.

Inventory:

Hand Weapons
 a - a +0 war axe (weapon)
Armour
 b - a +0 scale mail (worn)
 c - a +0 buckler (worn)
Jewellery
 i - a +6 ring of intelligence
 k - a ring of fire
 n - a +6 ring of strength (left hand)
 p - a +4 ring of protection
Scrolls
 e - 2 scrolls of fear {unknown}
 f - 2 scrolls of identify {unknown}
 j - 2 scrolls of brand weapon {unknown}
 m - a scroll of poison {unknown}
 q - a scroll of teleportation {unknown}
 s - a scroll of blinking {unknown}
Potions
 d - a potion of might
 g - a potion of brilliance {unknown}
 h - a potion of attraction {unknown}
 l - a potion of resistance {unknown}
 o - a potion of degeneration {unknown}
 r - a potion of curing {unknown}


   Skills:
 + Level 3.9 Fighting
 + Level 2.8 Axes
 + Level 3.5 Armour
 + Level 3.4 Shields


You had 4 spell levels left.
You didn't know any spells.
Your spell library contained the following spells:

 Spells                   Type           Power      Damage    Failure   Level
 Poisonous Vapours        Pois/Air       0%         N/A       82%         2
 Mephitic Cloud           Conj/Pois/Air  0%         N/A       96%         3
 Freezing Cloud           Conj/Ice/Air   0%         6-21      100%        5


Dungeon Overview and Level Annotations

Branches:
Dungeon (3/15)

Altars:
Gozag
Nemelex Xobeh
Trog
Vehumet
Yredelemnul


Innate Abilities, Weirdness & Mutations

You have an unusually large brain. (Int +2)
Your touch may inflict minor irresistible damage on your foes.


Message History

Natasha is nearby!
Natasha is nearby!
Natasha extends her claws.
Natasha claws you but does no damage.
Natasha is nearby!
You slash Natasha!
Natasha is heavily wounded.
Natasha claws you.
Natasha is nearby!
Natasha is nearby!
You slash Natasha!
You kill Natasha!
Natasha screams in fury as she dies!
You have reached level 5!
Your demonic ancestry asserts itself...
Your brain expands.
An endoplasm comes into view.
The endoplasm quivers.
An endoplasm is nearby!
You block the endoplasm's attack.
You hit the endoplasm but do no damage. The endoplasm misses you.
The endoplasm hits you but does no damage.
You hit the endoplasm.
The endoplasm is severely wounded.
The endoplasm closely misses you.
You slash the endoplasm!
You kill the endoplasm!
No target in view!
No target in view!
There is a stone staircase leading up here.
You climb upwards.
There is a stone staircase leading down here.
There is a stone staircase leading up here.
You climb upwards.
There is a stone staircase leading down here.
Okay, then.
Okay, then.
There is a large open door here.
There is a staircase leading out of the dungeon here.
You have escaped!

######### #.......##
#.####8#.#
##....##.# ##.@.##.#
#...##.# #####
##.##.## ##...##
##''##
#.###)###########..#
...>..............##
...........#.######
##...#####.#.#
###### #.#.#


There were no monsters in sight!

Vanquished Creatures
  Jessica (D:3)
  Natasha (twice) (D:3)
  An adder (D:2)
  A worm (D:2)
  A dart slug (D:2)
  An orc (D:3)
  4 ball pythons
  7 endoplasms
  A giant cockroach (D:2)
  12 goblins
  5 hobgoblins
  5 quokkas
  9 bats
  2 frilled lizards
  A kobold (D:3)
  4 rats
57 creatures vanquished.

Notes
Turn   | Place    | Note
-------+----------+-------------------------------------------
     0 | D:1      | BritishOli the Demonspawn Fighter began the quest for the
                  | Orb.
     0 | D:1      | Reached XP level 1. HP: 18/18 MP: 1/1
   233 | D:1      | Gained mutation: Your touch may inflict minor irresistible
                  | damage on your foes. [demonic ancestry]
   233 | D:1      | Reached XP level 2. HP: 19/24 MP: 2/2
   818 | D:2      | Reached XP level 3. HP: 29/29 MP: 3/3
   990 | D:2      | Found a radiant altar of Vehumet.
  1647 | D:3      | Found a radiant altar of Vehumet.
  1659 | D:3      | Found a basalt altar of Yredelemnul.
  1662 | D:3      | Found a bloodstained altar of Trog.
  1679 | D:3      | Found an opulent altar of Gozag.
  1784 | D:3      | Noticed Natasha
  1791 | D:3      | Killed Natasha
  1792 | D:3      | Reached XP level 4. HP: 18/36 MP: 4/4
  1872 | D:3      | Noticed Jessica
  1899 | D:3      | Killed Jessica
  2261 | D:3      | Found a sparkling altar of Nemelex Xobeh.
  2483 | D:3      | Noticed Natasha
  2488 | D:3      | Killed Natasha
  2489 | D:3      | Gained mutation: You have an unusually large brain. (Int
                  | +2) [demonic ancestry]
  2489 | D:3      | Reached XP level 5. HP: 39/42 MP: 5/5
  2616 | D:$      | Got out of the dungeon alive.

Illustrated notes

Levels and vault maps discovered:
D:1:      saegor_arrival_simple_e, layout_loops_ring
D:2:      layout_loops_cross, basic_altar, kennysheep_nondescript,
          nicolae_eternal_life
D:3:      minmay_chambers_of_twos, layout_basic, nemelex_altar_shiori,
          grunt_temple_overflow_cloverleaf, uniq_natasha, uniq_jessica

Skill      XL: |  1  2 |
---------------+-------+-----
Axes           | 2 |  2.8
Armour         | 3 |  3.5
Shields        | 3 |  3.4
Fighting       | |  3.9

Action                     |  1- 3 |  4- 6 || total
---------------------------+-------+-------++-------
  Melee: War axe           |   127 |    49 ||   176
 Armour: Scale mail        |    42 |    21 ||    63
  Dodge: Dodged            |    64 |    23 ||    87
  Block: Buckler           |    29 |    11 ||    40

Table legend: (Time is in decaauts)
 A = Elapsed time spent in this place.
 B = Non-inter-level travel time spent in this place.
 C = Inter-level travel time spent in this place.
 D = Time resting spent in this place.
 E = Time spent auto-exploring this place.
 F = Levels seen in this place.
 G = Mean time per level.
                   A        B        C        D        E       F      G
               +--------+--------+--------+--------+--------+-----+--------+
         Total |   2689 |   2551 |    138 |     96 |   2033 |   3 |  896.3 |
       Dungeon |   2689 |   2551 |    138 |     96 |   2033 |   3 |  896.3 |
               +--------+--------+--------+--------+--------+-----+--------+

Top non-repeatable levels by time:
     D:3: 1042 daAuts
     D:2: 884 daAuts
     D:1: 762 daAuts
